 Dungeon Crawl Stone Soup version 0.18-a0-965-g9200175 (webtiles) character file.

260127 JokEr the Slayer (level 19, -8/189 HPs)
             Began as a Minotaur Fighter on Dec 31, 2015.
             Was a Follower of the Shining One.
             Hit by a large rock thrown by a stone giant (19 damage)
             ... created by the fury of Okawaru
             ... on level 1 of the Crypt on Jan 1, 2016.
             The game lasted 02:24:44 (42678 turns).

JokEr the Slayer (Minotaur Fighter)                Turns: 42678, Time: 02:24:45

Health: -8/189     AC: 24    Str: 33    XL:     19   Next: 54%
Magic:  26/26      EV: 12    Int:  5    God:    the Shining One [*.....]
Gold:   2043       SH: 22    Dex: 15    Spells: 0 memorised, 18 levels left

rFire  + . .     SeeInvis .     E - +11 falchion of a labyrinth {slice, rF+ Str+2}
rCold  + . .     Gourm    .     u - +0 plate armour {rC+}
rNeg   . . .     Faith    .     X - +0 large shield
rPois  .         Spirit   .     j - +0 hat of Gallantry {rPois}
rElec  .         Dismiss  .     K - +1 cloak {MR+}
rCorr  .         Reflect  .     v - +1 pair of gloves {Str+3}
SustAt .         Harm     .     (no boots)
MR     ++...                    i - amulet of regeneration
Stlth  ..........               O - +4 ring of dexterity
                                h - +4 ring of protection

@: lethally poisoned (-8 -> -14), poison vulnerable, very slightly contaminated,
slowed, glowing, heavily drained, very slow, very resistant to hostile
enchantments, extremely unstealthy
A: retaliatory headbutt, horns 2
a: Renounce Religion
}: 1/15 runes: gossamer


You were on level 1 of the Crypt.
You worshipped the Shining One.
The Shining One was aware of your devotion.
You were not hungry.

You visited 7 branches of the dungeon, and saw 35 of its levels.
You visited the Abyss 1 time.
You also visited: Labyrinth.

You collected 3433 gold pieces.
You spent 1390 gold pieces at shops.

Inventory:

Hand Weapons
 k - a +3 double sword of electrocution
 E - the +11 falchion of a labyrinth (weapon) {slice, rF+ Str+2}
   (Okawaru gifted it to you on level 4 of the Vaults)

   It inflicts extra damage upon your enemies.
   It affects your strength (+2).
   It protects you from fire.
Missiles
 W - 2 throwing nets (quivered)
Armour
 d - a +0 cloak of poison resistance
 j - the +0 hat of Gallantry (worn) {rPois}
   (Okawaru gifted it to you on level 1 of the Lair of Beasts)

   It protects you from poison.
 u - a +0 plate armour of cold resistance (worn)
 v - a +1 pair of gloves of strength (worn)
 K - a +1 cloak of magic resistance (worn)
 X - a +0 large shield (worn)
Jewellery
 c - an uncursed ring of sustain attributes
 h - a +4 ring of protection (left hand)
 i - an amulet of regeneration (around neck)
 O - a +4 ring of dexterity (right hand)
 P - a +3 ring of strength
 Q - an uncursed ring of protection from fire
Wands
 a - a wand of fireball (5/15)
 T - a wand of teleportation (9/9)
 U - a wand of digging (10/24)
 V - a wand of hasting (9/9)
 Z - a wand of digging (12/24)
Scrolls
 o - 4 scrolls of enchant armour
 q - 4 scrolls of magic mapping
 w - 8 scrolls of teleportation
 y - 7 scrolls of identify
 z - 21 scrolls of remove curse
 B - 5 scrolls of fear
 G - 4 scrolls of fog
 H - 6 scrolls of blinking
 S - a scroll of silence
Potions
 b - 4 potions of haste
 e - 3 potions of berserk rage
 g - a potion of beneficial mutation {unknown}
 p - 2 potions of resistance
 r - 6 potions of magic
 t - 3 potions of cure mutation
 A - 3 potions of brilliance
 D - 4 potions of agility
 F - a potion of invisibility
 J - 3 potions of cancellation
 L - 5 potions of ambrosia
 M - 2 potions of flight
 N - a potion of curing
Miscellaneous
 Y - a lamp of fire
Comestibles
 f - 10 bread rations
 l - 15 meat rations
 m - 10 beef jerkies
 n - 5 slices of pizza
 s - 2 fruits
 x - 6 royal jellies


   Skills:
 + Level 21.3(19.4) Fighting
 + Level 21.2(19.3) Long Blades
 - Level 14.0(12.3) Armour
 - Level 11.2(9.7) Dodging
 - Level 15.7(14.1) Shields
 - Level 6.0(4.6) Invocations
 - Level 11.3(9.8) Evocations


You had 18 spell levels left.
You didn't know any spells.

Dungeon Overview and Level Annotations

Branches:
Dungeon (15/15)            Temple (1/1) D:4            Lair (8/8) D:8
  Swamp (0/4) Lair:3       Spider (4/4) Lair:4        Slime (0/6) Lair:7
    Orc (2/2) D:9             Elf (0/3) Orc:2        Vaults (4/5) D:14
  Crypt (1/3) Vaults:2     Depths (0/5) D:15

Altars:
Ashenzari
Cheibriados
Elyvilon
Gozag
Makhleb
Nemelex Xobeh
Okawaru
Pakellas
Qazlal
Ru
Sif Muna
Trog
Xom
Yredelemnul
Zin
The Shining One
Beogh

Shops:
D:4 !   D:7 (   D:8 =   D:9 !*%*   D:12 (   D:13 (   D:15 (   Orc:2 (%?*

Annotations:
D:6 PinkishYellow's ghost, novice SpWr


Innate Abilities, Weirdness & Mutations

You reflexively headbutt those who attack you in melee.
You have a pair of horns on your head.


Message History

Read which item? (? for menu, Esc to quit)
Blink to where?
Press: ? - help, Dir - move target cursor
As you read the scroll of blinking, it crumbles to dust.
A necrophage and a skeleton come into view.
You feel sick.
The centaur warrior wields an uncursed shortbow.
The centaur warrior shoots an arrow.
You block the arrow.
The arrow disappears in a puff of smoke!
The stone giant throws a large rock.
You block the large rock.
The large rock disappears in a puff of smoke!
The deep elf archer unwields an uncursed dagger.
The deep elf archer wields a shortbow.
The deep elf archer shoots an arrow.
You block the arrow.
The arrow disappears in a puff of smoke!
The deep elf master archer shoots an arrow.
The arrow completely misses you.
The arrow disappears in a puff of smoke!
The stone giant throws a large rock.
The large rock hits you!!
You die...

#....############.......#
#.....'....c§...')......#
#.....'....NC...'......##
#.....'....eC...'.....##
#.(...#''C##...##....##
##......Ne.#...#######
####'''#....n'...#
.......'.....'...#
.......'....Z'..@#
.......#.....#..n#
..##...#.....#...#
..##...'.....+...#
''##...#.....+...+
...#.).#.....+...+
...+...+.....##..+
...+...# ... ##.#
...+...#


You could see a ghoul, a frost giant, a naga warrior, 2 stone giants, a deep elf
master archer, a naga ritualist, a centaur warrior, a deep elf archer, a
necrophage and a big kobold skeleton.

Vanquished Creatures
  Margery (Vaults:3)
  Asterion (Spider:1)
  Gastronok (Lair:2)
  2 sphinxes
  2 ancient champions
  The ghost of Chiseanne the Eclecticist, an adept DsWz of Vehumet (Vaults:3)
  Kirke (Lair:7)
  Maud (D:11)
  A fire giant (Vaults:3)
  8 vault wardens
  2 ghost moths (Spider:4)
  An emperor scorpion (shapeshifter) (Vaults:2)
  A deep elf sorcerer (Vaults:4)
  6 emperor scorpions
  A frost giant (Crypt:1)
  Louise (D:15)
  11 ironheart preservers
  4 stone giants
  3 deep elf demonologists
  A vampire knight (Vaults:2)
  A deep elf annihilator (Vaults:3)
  2 spark wasps
  2 dire elephants
  A deep elf death mage (Vaults:3)
  A vault guard (Vaults:1)
  A minotaur (Lab)
  5 yaktaur captains
  Josephine (Lair:4)
  A great orb of eyes (Vaults:2)
  An entropy weaver (Spider:3)
  2 ice dragons
  A fire dragon (Vaults:2)
  9 hydras
  A rakshasa (Vaults:1)
  2 death knights
  A catoblepas (Lair:8)
  8 ogre magi
  17 centaur warriors
  The ghost of homeworkjunkie the Cleaver, a novice HOFi of Okawaru (D:9)
  A deep troll shaman (Lair:8)
  7 death yaks (Lair:8)
  8 orc high priests (Orc:2)
  7 deep elf knights
  Urug (D:15)
  Sonja (D:10)
  13 skeletal warriors
  2 shadow wraiths (Vaults:4)
  2 hell knights (Vaults:3)
  An anaconda zombie (Crypt:1)
  3 fire crabs
  3 deep trolls (Vaults:4)
  2 giant orange brains
  An unseen horror (D:15)
  11 deep elf archers
  8 hill giants
  2 wizards
  3 lindwurms
  The ghost of Kilrog the Ducker, a novice DrAK of Lugonu (D:7)
  15 ironbrand convokers
  5 orc sorcerers
  15 orc knights
  41 ugly things
  A wolf spider zombie (D:14)
  A harpy (shapeshifter) (D:13)
  13 orb spiders
  3 necromancers
  7 griffons
  23 wolf spiders
  5 hornets
  14 deep elf magi
  10 slime creatures
  A salamander (D:15)
  A moth of wrath (Spider:3)
  2 cyclopes
  An iron dragon skeleton (Crypt:1)
  3 manticores
  13 elephants
  2 black mambas
  A stone giant skeleton (Crypt:1)
  14 vault sentinels
  2 gargoyles
  3 torpor snails
  15 spiny frogs
  A spiny frog (shapeshifter) (Vaults:2)
  7 kobold demonologists
  13 komodo dragons
  7 demonic crawlers
  A komodo dragon (shapeshifter) (D:11)
  An efreet (D:13)
  19 yaktaurs
  11 freezing wraiths
  An ancient zyme (Abyss:1)
  7 trolls
  2 polar bears
  6 fire drakes
  A queen bee (Spider:2)
  A wind drake (shapeshifter) (D:13)
  27 jumping spiders
  A moth of wrath zombie (Crypt:1)
  13 two-headed ogres
  2 boulder beetles
  4 blink frogs (Lair:7)
  A small abomination (Abyss:1)
  A stone giant simulacrum (Crypt:1)
  21 trapdoor spiders
  An ettin skeleton (Vaults:2)
  20 tarantellas
  41 redbacks
  4 shadows
  3 hogs
  A salamander simulacrum (Vaults:2)
  39 yaks
  9 wraiths
  2 tarantellas (shapeshifter)
  A water elemental (D:13)
  A human (D:7)
  3 hungry ghosts
  10 hippogriffs
  12 wolves
  A hippogriff (shapeshifter) (Vaults:1)
  4 basilisks
  21 vampire mosquitoes
  12 wargs
  3 mottled dragons
  A soldier ant (shapeshifter) (Vaults:3)
  11 water moccasins
  14 porcupines
  35 orc warriors
  2 ice beasts
  2 sky beasts
  2 black bears
  A necrophage (D:15)
  36 ogres
  5 phantoms
  A wasp (D:11)
  An ettin simulacrum (Crypt:1)
  25 centaurs
  8 big kobolds
  11 crocodiles
  Blork the orc (D:4)
  16 giant frogs
  A wyvern skeleton (D:14)
  7 scorpions
  43 killer bees
  3 human simulacra
  6 wights
  6 electric eels
  9 crimson imps
  2 giant frog zombies
  A wasp zombie (D:10)
  5 centaur zombies
  A quasit (D:8)
  6 hounds
  4 jellies
  4 giant frog skeletons
  6 centaur skeletons
  3 human zombies (D:15)
  43 orc priests
  29 orc wizards
  15 iguanas
  Jessica (D:2)
  9 worker ants
  29 sheep
  A hound skeleton (D:5)
  5 mummies (D:15)
  3 worker ant zombies
  15 adders
  33 river rats
  7 shadow imps
  12 white imps (Spider:2)
  6 oozes
  An adder zombie (D:8)
  2 adder skeletons
  A worm (D:4)
  6 giant geckos
  125 orcs
  7 bats
  6 giant cockroaches (Lair:4)
  7 goblins
  5 hobgoblins
  6 jackals
  21 kobolds
  2 quokkas
  A giant gecko skeleton (D:7)
  7 giant newts
  A quokka zombie (D:9)
  5 rats
  A spectral orc (D:9)
  2 bushes (Lair:2)
  4 fungi (D:8)
  A plant (Lair:6)
1430 creatures vanquished.

Vanquished Creatures (others)
  A hell knight (Vaults:3)
  A deep elf knight (D:14)
  An orb spider (Spider:1)
  A centaur skeleton (D:14)
  A kobold demonologist (Vaults:1)
  A hog (Lair:7)
  A water moccasin (Lair:7)
  4 orcs
  A kobold (Vaults:1)
  5 bushes (Lair:2)
  19 fungi
  23 plants
  11 toadstools (Lair:6)
70 creatures vanquished.

Grand Total: 1500 creatures vanquished

Notes
Turn   | Place    | Note
--------------------------------------------------------------
     0 | D:1      | JokEr the Minotaur Fighter began the quest for the Orb.
     0 | D:1      | Reached XP level 1. HP: 19/19 MP: 0/0
   192 | D:1      | Reached XP level 2. HP: 22/27 MP: 1/1
  1100 | D:2      | Noticed Jessica
  1120 | D:2      | Killed Jessica
  1120 | D:2      | Reached skill level 4 in Fighting
  1120 | D:2      | Reached XP level 3. HP: 25/34 MP: 2/2
  1269 | D:2      | Found a faded altar to an unknown god.
  1484 | D:2      | Reached XP level 4. HP: 34/41 MP: 3/3
  1857 | D:2      | Reached skill level 5 in Fighting
  2202 | D:3      | Reached skill level 5 in Long Blades
  2208 | D:3      | Reached XP level 5. HP: 27/48 MP: 4/4
  2802 | D:3      | Reached skill level 6 in Fighting
  2802 | D:3      | Reached XP level 6. HP: 57/57 MP: 5/5
  3063 | D:4      | Found Giatagg's Distillery.
  3077 | D:4      | Bought a potion of might for 48 gold pieces
  3077 | D:4      | Bought a potion of heal wounds for 60 gold pieces
  3077 | D:4      | Bought a potion of heal wounds for 60 gold pieces
  3078 | D:4      | Found a staircase to the Ecumenical Temple.
  3095 | Temple   | Entered the Ecumenical Temple
  3104 | Temple   | Became a worshipper of Warmaster Okawaru
  3358 | D:4      | Reached skill level 7 in Fighting
  3369 | D:4      | Reached XP level 7. HP: 66/66 MP: 6/6
  3489 | D:4      | Noticed Blork the orc
  3495 | D:4      | Killed Blork the orc
  3495 | D:4      | Reached * piety under Okawaru
  3626 | D:4      | Upgraded the game from 0.18-a0-960-g77c8fc5 to 0.18-a0-965-g9200175
  3682 | D:5      | Entered Level 5 of the Dungeon
  3870 | D:5      | Reached skill level 8 in Fighting
  3943 | D:5      | Reached XP level 8. HP: 59/75 MP: 7/7
  4248 | D:6      | Noticed PinkishYellow's ghost (novice SpWr)
  4275 | D:6      | Reached skill level 9 in Long Blades
  4286 | D:6      | Reached ** piety under Okawaru
  5389 | D:7      | Noticed a gargoyle
  5458 | D:6      | Killed a gargoyle
  5458 | D:6      | Reached skill level 10 in Fighting
  5458 | D:6      | Reached skill level 10 in Long Blades
  5770 | D:7      | Reached XP level 9. HP: 72/85 MP: 8/8
  5844 | D:7      | Found Bohaneck's Weapon Emporium.
  6062 | D:7      | Noticed Kilrog's ghost (novice DrAK)
  6076 | D:7      | Killed Kilrog's ghost
  6076 | D:7      | Reached skill level 11 in Fighting
  6097 | D:7      | Reached *** piety under Okawaru
  6341 | D:7      | Found a sparkling altar of Nemelex Xobeh.
  6555 | D:8      | Reached skill level 12 in Long Blades
  6960 | D:8      | Reached XP level 10. HP: 93/97 MP: 9/9
  7703 | D:8      | Found Piozxuli's Jewellery Boutique.
  7833 | D:8      | Found a staircase to the Lair.
  8476 | D:9      | Noticed homeworkjunkie's ghost (novice HOFi)
  8500 | D:9      | Killed homeworkjunkie's ghost
  8500 | D:9      | Reached **** piety under Okawaru
  8500 | D:9      | Reached skill level 13 in Fighting
  8596 | D:9      | Found Liugapal's Assorted Antiques.
  8631 | D:9      | Bought a potion of heal wounds for 115 gold pieces
  8631 | D:9      | Bought a scroll of teleportation for 69 gold pieces
  8631 | D:9      | Bought a scroll of identify for 46 gold pieces
  8632 | D:9      | Found Fagiene's Distillery.
  8642 | D:9      | Bought a potion of heal wounds for 75 gold pieces
  8849 | D:9      | Found Gyaruad's General Store.
  8852 | D:9      | Bought a potion of heal wounds for 75 gold pieces
  8892 | D:9      | Found Jaryer's Food Emporium.
  8940 | D:9      | Found a staircase to the Orcish Mines.
  9012 | D:9      | Found a basalt altar of Yredelemnul.
  9383 | D:10     | Entered Level 10 of the Dungeon
  9405 | D:10     | Noticed a deep elf mage
  9422 | D:10     | Killed a deep elf mage
  9752 | D:10     | Reached ***** piety under Okawaru
  9887 | D:10     | Found an oddly glowing altar of Pakellas.
  9942 | D:10     | Reached skill level 14 in Long Blades
 10420 | D:10     | Noticed Sonja
 10425 | D:10     | Cast into level 1 of the Abyss (Sonja)
 10521 | Abyss:1  | Noticed an orange demon
 10605 | Abyss:1  | Noticed a large abomination
 10679 | Abyss:1  | Noticed a hellephant
 10701 | Abyss:1  | Noticed a smoke demon
 10781 | Abyss:1  | Reached XP level 11. HP: 95/108 MP: 6/10
 10796 | Abyss:1  | Noticed a deep elf sorcerer
 10798 | Abyss:1  | Noticed a sun demon
 10798 | Abyss:2  | Found a corrupted altar of Lugonu.
 10813 | D:10     | Escaped the Abyss
 10822 | D:10     | Killed Sonja
 11454 | Lair:1   | Entered Level 1 of the Lair of Beasts
 11479 | Lair:1   | Received a gift from Okawaru
 11517 | Lair:1   | Got a spiked hat {god gift}
 11523 | Lair:1   | Identified the +0 hat of Gallantry {rPois} (Okawaru gifted it to you on level 1 of the Lair of Beasts)
 11846 | Lair:1   | Reached skill level 5 in Armour
 11855 | Lair:1   | Got a translucent silver ring
 11862 | Lair:1   | Identified the ring of Tangodgh {rF+ rC+ MP+9 Str-5 Dex+2} (You found it on level 1 of the Lair of Beasts)
 12241 | Lair:2   | Noticed Gastronok
 12251 | Lair:2   | Killed Gastronok
 12737 | Lair:2   | Reached skill level 10 in Armour
 13084 | Lair:2   | Noticed a six-headed hydra
 13115 | Lair:2   | Killed an 11-headed hydra
 13239 | Lair:2   | Reached XP level 12. HP: 118/118 MP: 11/11
 13365 | Lair:2   | Reached skill level 5 in Shields
 13852 | Lair:3   | Found a staircase to the Swamp.
 14018 | Lair:3   | Noticed a five-headed hydra
 14026 | Lair:3   | Killed a seven-headed hydra
 14196 | Lair:3   | Received a gift from Okawaru
 14873 | Lair:4   | Reached skill level 10 in Shields
 15047 | Lair:4   | Found a hole to the Spider Nest.
 15348 | Lair:4   | Noticed Josephine
 15349 | Lair:4   | Noticed a five-headed hydra
 15369 | Lair:4   | Killed Josephine
 15373 | Lair:4   | Killed an eight-headed hydra
 15893 | Lair:5   | Reached skill level 1 in Dodging
 16310 | Lair:6   | Noticed a seven-headed hydra
 16320 | Lair:6   | Killed a 12-headed hydra
 16584 | Lair:6   | Reached XP level 13. HP: 125/125 MP: 12/12
 16633 | Lair:6   | Reached skill level 5 in Dodging
 17429 | Lair:7   | Found a staircase to the Slime Pits.
 17451 | Lair:6   | Received a gift from Okawaru
 17582 | Lair:7   | Noticed Kirke
 17619 | Lair:7   | Killed Kirke
 17800 | Lair:7   | Received a gift from Okawaru
 17846 | Lair:7   | Found a labyrinth entrance.
 17873 | Lab      | Entered a labyrinth
 18236 | Lab      | Noticed a minotaur
 18242 | Lab      | Killed a minotaur
 18249 | Lab      | Identified the Grimoire of the Volcanoes
 18317 | Lair:7   | Reached skill level 10 in Dodging
 18910 | Lair:7   | Reached skill level 1 in Evocations
 19323 | Lair:8   | Entered Level 8 of the Lair of Beasts
 19625 | Lair:8   | Reached skill level 5 in Evocations
 19706 | Lair:8   | Reached XP level 14. HP: 40/133 MP: 4/16
 19767 | Lair:8   | Reached ****** piety under Okawaru
 20353 | Lair:8   | Received a gift from Okawaru
 20920 | Orc:1    | Entered Level 1 of the Orcish Mines
 21178 | Orc:2    | Entered Level 2 of the Orcish Mines
 21390 | Orc:2    | Reached skill level 1 in Invocations
 21413 | Orc:2    | Received a gift from Okawaru
 21674 | Orc:2    | Found a roughly hewn altar of Beogh.
 21945 | Orc:2    | Found a roughly hewn altar of Beogh.
 21971 | Orc:2    | Found Sibles's Magic Scroll Boutique.
 21971 | Orc:2    | Found Duzisimm's Assorted Antiques.
 21992 | Orc:2    | Reached skill level 5 in Invocations
 22257 | Orc:2    | Bought a potion of agility for 128 gold pieces
 22257 | Orc:2    | Bought a potion of curing for 96 gold pieces
 22266 | Orc:2    | Bought a scroll of enchant armour for 112 gold pieces
 22266 | Orc:2    | Bought a scroll of teleportation for 45 gold pieces
 22266 | Orc:2    | Bought a scroll of identify for 30 gold pieces
 22266 | Orc:2    | Bought a scroll of identify for 30 gold pieces
 22266 | Orc:2    | Bought a scroll of enchant weapon for 112 gold pieces
 22355 | Orc:2    | Found a staircase to the Elven Halls.
 22489 | Orc:2    | Found Falanag's Food Emporium.
 22489 | Orc:2    | Found Unoiqarph's Antique Weapon Boutique.
 22518 | Orc:2    | Bought an ancient long sword for 289 gold pieces
 22518 | Orc:2    | Identified the +8 long sword of Balance {flame, Str+3} (You bought it in a shop on level 2 of the Orcish Mines)
 23229 | D:11     | Noticed Maud
 23237 | D:11     | Killed Maud
 23237 | D:11     | Reached skill level 15 in Long Blades
 23462 | D:12     | Reached skill level 15 in Fighting
 23668 | D:12     | Received a gift from Okawaru
 23738 | D:12     | Reached XP level 15. HP: 129/141 MP: 18/20
 24109 | D:12     | Found Uxunlego's Antique Weapon Shop.
 24540 | D:13     | Received a gift from Okawaru
 24800 | D:13     | Found Bonnaigu's Antique Weapon Shoppe.
 25513 | D:14     | Got a warped scale mail
 25524 | D:14     | Identified the +6 scale mail of Baoff {*Drain rF+ Dex+3} (You found it on level 14 of the Dungeon)
 25716 | D:14     | Reached skill level 16 in Fighting
 25771 | D:14     | Received a gift from Okawaru
 25779 | D:14     | Got a bone triple sword {god gift}
 25785 | D:14     | Identified the +3 triple sword of Pusm {slice, rC++} (Okawaru gifted it to you on level 14 of the Dungeon)
 25937 | D:14     | Found a gate to the Vaults.
 26112 | D:15     | Entered Level 15 of the Dungeon
 26404 | D:15     | Found a staircase to the Depths.
 26690 | D:15     | Found a basalt altar of Yredelemnul.
 26951 | D:15     | Noticed Urug
 26961 | D:15     | Killed Urug
 27229 | D:15     | Reached skill level 17 in Fighting
 27257 | D:15     | Noticed Louise
 27276 | D:15     | Killed Louise
 27357 | D:15     | Found Said Agoef's Antique Weapon Shoppe.
 27814 | Spider:1 | Entered Level 1 of the Spider Nest
 27858 | Spider:1 | Received a gift from Okawaru
 28102 | Spider:1 | Noticed Asterion
 28120 | Spider:1 | Killed Asterion
 28484 | Spider:1 | Reached XP level 16. HP: 128/155 MP: 18/21
 29846 | Spider:2 | Found a frozen archway.
 30174 | Spider:2 | Reached skill level 18 in Fighting
 30862 | Spider:3 | Received a gift from Okawaru
 31465 | Spider:4 | Entered Level 4 of the Spider Nest
 32020 | Spider:4 | Received a gift from Okawaru
 32094 | Spider:4 | Reached skill level 19 in Fighting
 32385 | Spider:4 | Got a gossamer rune of Zot
 33093 | Vaults:1 | Entered Level 1 of the Vaults
 33983 | Vaults:1 | Reached XP level 17. HP: 124/168 MP: 22/22
 35041 | Vaults:1 | Received a gift from Okawaru
 35643 | Vaults:1 | Reached skill level 15 in Shields
 36507 | Vaults:2 | Received a gift from Okawaru
 36596 | Vaults:2 | Reached XP level 18. HP: 175/178 MP: 23/23
 36942 | Vaults:2 | Received a gift from Okawaru
 37024 | Vaults:2 | Found a staircase to the Crypt.
 37768 | Vaults:2 | Reached skill level 10 in Evocations
 38152 | Vaults:3 | Received a gift from Okawaru
 38158 | Vaults:3 | Noticed an Ice Fiend
 38490 | Vaults:3 | Identified a scroll of acquirement
 38549 | Vaults:3 | Noticed Chiseanne's ghost (adept DsWz)
 38574 | Vaults:3 | Noticed Margery
 38744 | Vaults:3 | Noticed a Brimstone Fiend
 38863 | Vaults:3 | Got a smoking scale mail
 38929 | Vaults:3 | Identified the cursed +0 scale mail of Hairiness {Dex+3} (You found it on level 3 of the Vaults)
 39133 | Vaults:3 | Received a gift from Okawaru
 39133 | Vaults:3 | Reached skill level 20 in Fighting
 39361 | Vaults:3 | Killed Chiseanne's ghost
 39748 | Vaults:3 | Reached XP level 19. HP: 146/187 MP: 26/26
 39768 | Vaults:3 | Killed Margery
 40696 | Vaults:4 | Identified the Volume of Fire
 40804 | Vaults:4 | Received a gift from Okawaru
 40808 | Vaults:4 | Got a crude falchion {god gift}
 40815 | Vaults:4 | Identified the +11 falchion of a labyrinth {slice, rF+ Str+2} (Okawaru gifted it to you on level 4 of the Vaults)
 40833 | Vaults:4 | Reached skill level 21 in Fighting
 42021 | Temple   | Fell from the grace of Okawaru
 42021 | Temple   | Became a worshipper of the Shining One
 42367 | Crypt:1  | Entered Level 1 of the Crypt
 42567 | Crypt:1  | Reached * piety under the Shining One
 42676 | Crypt:1  | HP: 7/189 [frost giant/bolt of cold[the fury of Okawaru] (14)]
 42678 | Crypt:1  | Hit by a large rock thrown by a stone giant

Vault maps used:
D:1:      eino_arrival_cavern_a, serial_bayou_crossing
D:2:      ecumenical_altar_1, first_bread, lemuel_flame_loot_1, uniq_jessica
D:4:      minmay_temple_entry_metal_lava, serial_shops, shop, uniq_blork_the_orc
D:6:      enter_ossuary_5, amalloy_card_club
D:7:      nemelex_xobeh_ov_fountains_minmay, serial_shops, shop, grunt_livestock
D:8:      dpeg_oklobed_lair, serial_shops, shop, minmay_gold_behind_fungi,
          serial_bayou_lagoon_a
D:9:      yredelemnul_forgotten_temple_becter, orc_0_dummy, serial_shops, shop,
          nicolae_shop_statue_plus, nicolae_shop_behind_doors,
          nicolae_shop_waterfront
D:10:     basic_altar, minmay_misc_feat_square, minmay_librarian, uniq_sonja
D:11:     minmay_misc_feat_columns, uniq_maud
D:12:     serial_shops, nicolae_shop_temple_entry_statues_fountains
D:13:     serial_shops, shop, kennysheep_flooded_box
D:14:     hangedman_vaults_entry_quadrant_bands, infiniplex_staircase_pillars_2
D:15:     hangedman_depths_entry_try_elsewhere_first, serial_shops,
          nicolae_shop_overgrown_old_shop, lemuel_mausoleum_altar_yredelemnul,
          uniq_urug, uniq_louise
Temple:   grunt_circular_temple_18
Lair:1:   grunt_megastairs_3, serial_bayou_shore_b, infiniplex_staircase_pool_2
Lair:2:   hangedman_lair_unloving_vines, minmay_hedge_maze, beast_lair_carwin_2,
          uniq_gastronok
Lair:3:   minmay_swamp_entry_reptiles, serial_forest, infiniplex_forest_3_way,
          infiniplex_forest_zigzag_1, infiniplex_forest_corner_2,
          infiniplex_forest_clump_C
Lair:4:   nicolae_spider_entry_non_spiders, uniq_josephine
Lair:6:   gammafunk_lair_enchanted_lake
Lair:7:   nicolae_slime_entry_slimehenge, lab_entry_generic,
          bobbens_dragon_lair_wall, uniq_kirke
Lair:8:   grunt_lair_end_beastmaster, st_stairs_9, bh_autumn_forest_stairs
Spider:1: uniq_asterion
Spider:2: portal_ice_cave_entry_imps, special_room, guppyfry_spider_mini_3
Spider:4: grunt_spider_rune_circles
Orc:2:    st_orc_town, bh_open_orc_temple
Vaults:1: vaults_room_semicircle, nicolae_vaults_asterisk, v_rooms_4,
          v_pattern_3, vaults_mumra_chevron_long, v_alt_pattern_5, v_misc_23,
          vaults_room_corners
Vaults:2: vaults_room_door_ring, vaults_dpeg_hooks, v_misc_14, v_misc_29,
          nicolae_vaults_circle_grid_b, vaults_dpeg_ring,
          hangedman_vaults_stagger, nicolae_vaults_big_ls,
          nicolae_vaults_little_squares_3, minmay_crypt_entry_simple_walls,
          v_pattern_1, nicolae_vaults_little_squares_1
Vaults:3: hangedman_vaults_locks, vaults_room_boxed, v_misc_1,
          grunt_vaults_funnel, hangedman_vaults_cutoff, ontoclasm_vaults_hangar,
          hangedman_vaults_hard_town_square, v_misc_8,
          nicolae_vaults_three_branches, nicolae_vaults_little_ls, v_misc_25,
          uniq_margery
Vaults:4: vaults_dpeg_spiral, dpeg_vaults_monster_box, ontoclasm_vaults_fault,
          vaults_room_hallway, ontoclasm_vaults_ring_small,
          nicolae_vaults_little_squares_6, nicolae_vaults_little_squares_1
Crypt:1:  infiniplex_enter_wizlab_glasses, item_on_display_a, uniq_mennas,
          uniq_boris
Abyss:1:  bh_abyss_exit_choice
Lab:      labyrinth_spiral

Action                   |  1- 3 |  4- 6 |  7- 9 | 10-12 | 13-15 | 16-18 | 19-21 || total
-------------------------+-------+-------+-------+-------+-------+-------+-------++-------
Melee: Long sword        |    52 |   150 |   358 |   777 |   760 |  1848 |   203 ||  4148
       Demon blade       |       |       |       |       |   795 |       |       ||   795
       Falchion          |       |       |       |       |       |       |   168 ||   168
Invok: Heroism           |       |       |     2 |     9 |    15 |    13 |     2 ||    41
       Finesse           |       |       |       |     1 |     5 |     2 |     1 ||     9
 Abil: Evoke Flight      |       |       |       |       |     1 |       |       ||     1
  Use: Scroll            |     5 |     2 |     8 |    26 |    14 |    17 |     3 ||    75
       Potion            |       |       |     5 |    20 |     8 |    17 |     1 ||    51
 Stab: Distracted        |       |       |       |       |     2 |       |       ||     2
       Invisible         |       |       |       |       |       |     4 |       ||     4
  Eat: Chunk             |     2 |     6 |     9 |    10 |    24 |    18 |     4 ||    73
       Fruit             |       |       |     3 |     6 |     5 |     3 |     3 ||    20
       Bread ration      |       |       |       |     3 |       |       |     1 ||     4
       Pizza             |       |       |       |     3 |     2 |     2 |       ||     7
       Meat ration       |       |       |       |       |     2 |     1 |       ||     3
       Royal jelly       |       |       |       |       |       |     5 |       ||     5
